 Dungeon Crawl Stone Soup version 0.27-a0-423-gf312af23e9 (webtiles) character file.

Game seed: 11629636118759029916

0 srzhan31 the Vexing (level 1, 0/11 HPs)
             Began as a Deep Elf Arcane Marksman on Feb 27, 2021.
             Killed from afar by a dart slug (5 damage)
             ... with a slug dart
             ... on level 1 of the Dungeon.
             The game lasted 00:02:39 (107 turns).

srzhan31 the Vexing (Deep Elf Arcane Marksman)       Turns: 107, Time: 00:02:40

Health: 0/11       AC:  2    Str:  7    XL:     1   Next: 8%
Magic:  5/5        EV: 13    Int: 17    God:
Gold:   0          SH:  0    Dex: 15    Spells: 2/3 levels left

rFire    . . .     SeeInvis .   a - +0 shortbow
rCold    . . .     Faith    .   (shield currently unavailable)
rNeg     . . .     Spirit   .   e - +0 robe
rPois    .         Reflect  .   (no helmet)
rElec    .         Harm     .   (no cloak)
rCorr    .         Rampage  .   (no gloves)
Will     .....                  (no boots)
Stlth    +.........             (no amulet)
HPRegen  0.03/turn              (no ring)
MPRegen  0.09/turn              (no ring)

@: no status effects
A: no striking features
a: no special abilities


You were on level 1 of the Dungeon.
You visited 1 branch of the dungeon, and saw 1 of its levels.

Inventory:

Hand Weapons
 a - a +0 shortbow (weapon)
Missiles
 d - 17 arrows (quivered ammo)
Armour
 e - a +0 robe (worn)


   Skills:
 + Level 0.7 Fighting
 + Level 2.6 Bows
 + Level 2.5 Dodging
 + Level 1.5 Spellcasting
 + Level 4.0 Hexes


You had 2 spell levels left.
You knew the following spells:

 Your Spells              Type           Power        Failure   Level
a - Corona                Hex            15%          4%          1

Your spell library contained the following spells:

 Spells                   Type           Power        Failure   Level
 Slow                     Hex            14%          6%          2
 Inner Flame              Hex/Fire       8%           26%         3
 Portal Projectile        Hex/Tloc       16%          26%         3
 Cause Fear               Hex            7%           36%         4
 Leda's Liquefaction      Hex/Erth       4%           65%         4


Dungeon Overview and Level Annotations

Branches:
Dungeon (1/15)

Altars:


Message History

Why would you want to do that?
There is a staircase leading out of the dungeon here.
Why would you want to do that? Why would you want to do that?
Why would you want to do that?
Unknown command.
Sorry, you're not good enough to have a special ability.
Okay, then.
Unknown command.
You aren't carrying any scrolls.
Why would you want to do that? Why would you want to do that?
Why would you want to do that?
You open the door.
There is an open door here.
Sorry, you're not good enough to have a special ability.
Fire: 20 arrows
Press: ? - help, Q - select action, (/) - cycle Shift-Dir - straight line, f - you
Okay, then.
No target in view!
No target in view!
A dart slug comes into view.
A frilled lizard comes into view.
You shoot an arrow.
The arrow hits the frilled lizard but does no damage.
The frilled lizard hisses angrily.
You shoot an arrow. The arrow hits the frilled lizard.
The frilled lizard is heavily wounded.
You shoot an arrow. The arrow hits the frilled lizard.
You kill the frilled lizard!
The dart slug launches a dart at you. The slug dart misses you.
The dart slug launches a dart at you. The slug dart hits you.
The dart slug bites you.
You see here an arrow.
You are too injured to fight recklessly!
The dart slug launches a dart at you. The slug dart hits you.
You die...

.# #####≈≈...§§ #.#
#≈≈.≈§§§ #### #.#
#≈.≈≈§.≈ ..... #.#
##+###'# ...# #.#
##.##..#
#.(##.##########.....##
####...#.##.........#####
.......w.##.######.##
##.......@......##.#
##.......#.###.##.#
##........###.##.#
.....#...#........#
#######.######.#### #.# #
#.# #+#


You could see a dart slug.

Vanquished Creatures
  A frilled lizard (D:1)
1 creature vanquished.

Notes
Turn   | Place    | Note
-------+----------+-------------------------------------------
     0 | D:1      | srzhan31 the Deep Elf Arcane Marksman began the quest for
                  | the Orb.
     0 | D:1      | Reached XP level 1. HP: 11/11 MP: 5/5
   107 | D:1      | Killed from afar by a dart slug

Illustrated notes

Levels and vault maps discovered:
D:1:      ncdulo_lavacross, layout_loops_corners, grunt_decor_resistance

Action                   || total
-------------------------++-------
 Fire: Shortbow          ||     3
Dodge: Dodged            ||     1

Table legend: (Time is in decaauts)
 A = Elapsed time spent in this place.
 B = Non-inter-level travel time spent in this place.
 C = Inter-level travel time spent in this place.
 D = Time resting spent in this place.
 E = Time spent auto-exploring this place.
 F = Levels seen in this place.
 G = Mean time per level.
                   A        B        C        D        E       F      G
               +--------+--------+--------+--------+--------+-----+--------+
         Total |    107 |    107 |      0 |      0 |      0 |   1 |  107.0 |
       Dungeon |    107 |    107 |      0 |      0 |      0 |   1 |  107.0 |
               +--------+--------+--------+--------+--------+-----+--------+

Top non-repeatable levels by time:
     D:1: 107 daAuts
